 Dungeon Crawl Stone Soup version 0.22-a0-395-gfed312b (webtiles) character file.

769 Kairos the Chopper (level 7, -2/96 HPs)
             Began as a Deep Dwarf Monk on May 3, 2018.
             Killed from afar by an orc wizard (3 damage)
             ... with a puff of flame
             ... on level 4 of the Dungeon.
             The game lasted 00:11:56 (3658 turns).

Kairos the Chopper (Deep Dwarf Monk)                Turns: 3658, Time: 00:11:56

Health: -2/96      AC: 23    Str: 17    XL:     7   Next: 52%
Magic:  6/6        EV:  2    Int: 15    God:
Gold:   147        SH:  0    Dex: 19    Spells: 6/6 levels left

rFire    . . .     SeeInvis .   a - +0 hand axe
rCold    . . .     Gourm    .   (no shield)
rNeg     + + +     Faith    .   (armour currently unavailable)
rPois    +         Spirit   .   (helmet currently unavailable)
rElec    .         Reflect  .   (cloak currently unavailable)
rCorr    .         Harm     .   (gloves currently unavailable)
MR       ++...     NoTele   +   (boots currently unavailable)
Stlth    +++.......             (no amulet)
HPRegen  0.00/turn              g - +4 ring of dexterity
MPRegen  0.10/turn              m - ring of protection from magic

@: brilliant, tree-form, non-regenerating
A: damage resistance, heal wounds, mutation resistance 1, sense surroundings 1,
MP-powered wands, no regeneration
a: Heal Wounds


You were on level 4 of the Dungeon.
You were not hungry.
You were a tree.
You visited 2 branches of the dungeon, and saw 5 of its levels.

You collected 147 gold pieces.

Inventory:

Hand Weapons
 a - a +0 hand axe (weapon)
Armour
 i - a +0 scale mail
 l - a +0 pair of boots (melded)
 s - a +0 helmet (melded)
 u - a +0 chain mail (melded)
Jewellery
 g - a +4 ring of dexterity (left branch)
 m - a ring of protection from magic (right branch)
Wands
 b - a wand of acid (10)
 p - a wand of flame (7)
Scrolls
 d - 2 scrolls of amnesia {unknown}
 e - a scroll of fear {unknown}
 f - 6 scrolls of teleportation
 h - 3 scrolls of remove curse
 j - 3 scrolls of identify
 k - a scroll of random uselessness {unknown}
 n - a scroll of magic mapping {unknown}
 o - 2 scrolls of enchant weapon {unknown}
Potions
 t - a potion of mutation
 w - a potion of cancellation {unknown}
Comestibles
 c - 12 rations


   Skills:
 + Level 4.1 Fighting
 + Level 6.7 Axes
 + Level 3.9 Armour
 + Level 4.3 Dodging
 + Level 3.4 Stealth
 + Level 2.2 Evocations


You had 6 spell levels left.
You didn't know any spells.

Dungeon Overview and Level Annotations

Branches:
Dungeon (4/15)             Temple (1/1) D:4

Altars:
Ashenzari
Cheibriados
Dithmenos
Elyvilon
Gozag
Hepliaklqana
Nemelex Xobeh
Okawaru
Qazlal
Sif Muna
Trog
Uskayaw
Wu Jian
Zin
The Shining One


Innate Abilities, Weirdness & Mutations

You are resistant to damage.
You can heal yourself by infusing magical energy.
You passively map a small area around you.
You do not regenerate.
((You have very sharp teeth.))
You are somewhat resistant to further mutation.
You expend magic power (3 MP) to strengthen your wands.


Message History

* * * LOW HITPOINT WARNING * * *
The orc wizard hits you but does no damage.
Something hits you but does no damage.
You hit the orc wizard.
You kill the orc wizard!
You barely miss something.
You hear some strange, mumbled words.
A puff of frost appears from out of thin air!
The puff of frost hits you!
* * * LOW HITPOINT WARNING * * *
You turn into a tree.
Your +0 helmet melds into your body.
Your +0 pair of boots melds into your body.
Your +0 chain mail melds into your body.
Your roots penetrate the ground.
Something hits you but does no damage.
You barely miss something. Something hits you but does no damage.
You hit something but do no damage.
You hear some strange, mumbled words.
A puff of flame appears from out of thin air!
The puff of flame hits you!
You die...

#...........##
#............##
#..>..........##
#..............##
##..............#
##..............# ,
................## *
...............{)## *
..#............)♣)##
* ,
..#...........####.#
* , ..##..........##
##.# #..##..........#
*..#*
##..####..o.#..###
#..# ,
##..###...o###o.#
*..# *
##..#......##..##*...
##.....#...#...# ...
####......#o.....##
...., *


There were no monsters in sight!

Vanquished Creatures
  A sky beast (D:3)
  2 ogres (D:4)
  Blork the orc (D:3)
  A howler monkey (D:4)
  3 orc wizards (D:4)
  An iguana (D:4)
  3 worker ants
  A hound skeleton (D:4)
  A mummy (D:4)
  Robin (D:3)
  A worker ant zombie (D:3)
  5 adders
  An ooze (D:2)
  3 worms (D:2)
  4 dart slugs
  4 leopard geckos
  6 orcs (D:4)
  6 bats
  2 giant cockroaches (D:3)
  10 hobgoblins
  7 jackals
  9 kobolds
  3 quokkas
  A frilled lizard (D:3)
  19 goblins
  A hobgoblin zombie (D:4)
  2 kobold zombies (D:4)
  An orc zombie (D:4)
  A quokka skeleton (D:4)
  10 rats
111 creatures vanquished.

Notes
Turn   | Place    | Note
-------+----------+-------------------------------------------
     0 | D:1      | Kairos the Deep Dwarf Monk began the quest for the Orb.
     0 | D:1      | Reached XP level 1. HP: 20/20 MP: 1/1
   178 | D:1      | Reached XP level 2. HP: 9/27 MP: 2/2
   288 | D:1      | Gained mutation: You expend magic power (3 MP) to strengthen your wands. [potion of mutation]
   288 | D:1      | Gained mutation: You are somewhat resistant to further mutation. [potion of mutation]
   288 | D:1      | Gained mutation: You have very sharp teeth. [potion of mutation]
  1055 | D:2      | Reached XP level 3. HP: 23/34 MP: 2/2
  1294 | D:2      | Reached skill level 4 in Axes
  1479 | D:2      | Reached XP level 4. HP: 39/42 MP: 3/3
  1756 | D:3      | Noticed a sky beast
  1764 | D:3      | Killed a sky beast
  1764 | D:3      | Reached skill level 5 in Axes
  1764 | D:3      | Reached skill level 1 in Armour
  1764 | D:3      | Reached XP level 5. HP: 37/49 MP: 0/4
  2097 | D:3      | Noticed Robin
  2158 | D:3      | Reached skill level 1 in Evocations
  2166 | D:3      | Killed Robin
  2810 | D:4      | Reached XP level 6. HP: 29/56 MP: 5/5
  2839 | D:4      | Noticed Blork the orc
  2884 | D:3      | Killed Blork the orc
  3384 | D:4      | Reached skill level 6 in Axes
  3389 | D:4      | Reached XP level 7. HP: 35/64 MP: 5/5
  3402 | D:4      | Found a staircase to the Ecumenical Temple.
  3489 | Temple   | Entered the Ecumenical Temple
  3655 | D:4      | HP: 1/64 [something/puff of frost (6)]
  3658 | D:4      | Killed from afar by an orc wizard

Vault maps used:
D:1:      dpeg_arrival_pits, minmay_strange_pillars,
          minmay_misc_feat_secret_circle
D:2:      kennysheep_generic_room_4
D:3:      uniq_robin
D:4:      temple_fountains, minmay_misc_feat_alley, minmay_mini_ossuary,
          uniq_blork_the_orc
Temple:   nicolae_temple_no_exploring_needed

Skill      XL: |  1  2  3  4  5  6  7 |
---------------+----------------------+-----
Fighting       | 3 4 |  4.1
Dodging        | 4 |  4.3
Stealth        | 3 |  3.4
Axes           | 4 5 6 |  6.7
Armour         | 1 3 |  3.9
Evocations     | 1 2 |  2.2

Action                   |  1- 3 |  4- 6 |  7- 9 || total
-------------------------+-------+-------+-------++-------
Melee: Hand axe          |   143 |   245 |    28 ||   416
       Bite              |    13 |    38 |     4 ||    55
 Abil: Heal Wounds       |     2 |     1 |       ||     3
Evoke: Wand              |       |    11 |     5 ||    16
  Use: Potion            |     4 |     2 |     3 ||     9
       Scroll            |       |     3 |       ||     3
 Stab: Sleeping          |     3 |     1 |       ||     4
       Distracted        |     1 |       |       ||     1
  Eat: Chunk             |     2 |     6 |     1 ||     9
Armor: Robe              |    17 |       |       ||    17
       Scale mail        |    16 |    47 |       ||    63
       Chain mail        |       |    68 |    17 ||    85
       Skin              |       |       |     2 ||     2
Dodge: Dodged            |   107 |   142 |     8 ||   257

Table legend:
 A = Spawn XP
 B = Non-spawn XP
 C = Spawn XP percentage of total XP
 D = Spawn monster count
 E = Non-spawn monster count
 F = Spawn count percentage of total count
 G = Total turns spent on level
                    A         B        C        D         E        F      G
               +---------+---------+-------+---------+---------+-------+---------
         Total |       0 |    1099 |   0.0 |       0 |     111 |   0.0 |  3658
               +---------+---------+-------+---------+---------+-------+---------
           D:1 |       0 |      32 |   0.0 |       0 |      18 |   0.0 |   835
           D:2 |       0 |      86 |   0.0 |       0 |      26 |   0.0 |   836
           D:3 |       0 |     376 |   0.0 |       0 |      39 |   0.0 |  1349
           D:4 |       0 |     605 |   0.0 |       0 |      28 |   0.0 |   606
               +---------+---------+-------+---------+---------+-------+---------
